 Dungeon Crawl Stone Soup version 0.30-a0-371-gad7725a93e (webtiles) character file.

Game seed: 8876640003734608046

257 Haldmier the Shield-Bearer (level 5, -11/43 HPs)
             Began as an Armataur Fighter on Nov 22, 2022.
             Was a Follower of Hepliaklqana.
             Mangled by an orc wizard
             ... wielding a +2 dagger of electrocution
              (17 damage)
             ... on level 3 of the Dungeon.
             The game lasted 00:13:02 (3367 turns).

Haldmier the Shield-Bearer (Armataur Fighter)       Turns: 3367, Time: 00:13:03

Health: -11/43     AC:  8    Str: 21    XL:     5   Next: 93%
Magic:  6/6        EV:  7    Int: 17    God:    Hepliaklqana [*.....]
Gold:   139        SH:  0    Dex:  9    Spells: 3/6 levels left

rFire   . . .      SeeInvis .    u - +0 hand axe (flame)
rCold   . . .      Faith    .    c - +0 buckler
rNeg    . . .      Spirit   .    b - +0 scale mail
rPois   .          Reflect  .    x - +0 helmet
rElec   .          Harm     .    (no cloak)
rCorr   .          Roll     +    (no gloves)
Will    .....                    (no barding)
Stlth   ..........               (no amulet)
HPRegen 0.27/turn                t - +6 ring of intelligence
MPRegen 0.10/turn                (no ring)

@: confused
A: reduced essence, large, rugged brown scales 3, deformed body, armoured tail,
roll, long tongue, awkward tongue
a: Renounce Religion, Recall Ancestor, Ancestor Identity


You were on level 3 of the Dungeon.
You worshipped Hepliaklqana.
Hepliaklqana was aware of your devotion.
You visited 2 branches of the dungeon, and saw 5 of its levels.

You collected 139 gold pieces.

Inventory:

Hand Weapons
 a - a +0 flail
 u - a +0 hand axe of flaming (weapon)
Missiles
 h - 12 poisoned darts (quivered)
Armour
 b - a +0 scale mail (worn)
 c - a +0 buckler (worn)
 f - a scarf of shadows
 x - a +0 helmet (worn)
Jewellery
 t - a +6 ring of intelligence (left hand)
Scrolls
 e - a scroll of fog {unknown}
 j - a scroll of amnesia {unknown}
 l - 2 scrolls of magic mapping {unknown}
 m - 4 scrolls of vulnerability
 n - a scroll of immolation {unknown}
 p - a scroll of teleportation {unknown}
 r - a scroll of poison {unknown}
 v - 2 scrolls of identify {unknown}
 w - a scroll of brand weapon {unknown}
Potions
 d - a potion of might
 g - 4 potions of heal wounds {unknown}
 i - 2 potions of mutation {unknown}
 k - a potion of lignification {unknown}
 o - a potion of attraction {unknown}
 q - a potion of degeneration {unknown}
 s - 2 potions of curing {unknown}


   Skills:
 + Level 3.4 Fighting
 * Level 3.5 Maces & Flails
 - Level 4.0 Armour
 + Level 4.1 Shields
 - Level 1.0 Spellcasting
 * Level 2.2 Conjurations


You had 3 spell levels left.
You knew the following spells:

 Your Spells              Type           Power      Damage    Failure   Level
a - Magic Dart            Conj           32%        1d4       28%         1
b - Searing Ray           Conj           16%        2d5       38%         2

Your spell library contained the following spells:

 Spells                   Type           Power      Damage    Failure   Level
 Fulminant Prism          Conj/Hex       2%         3d5       99%         4


Dungeon Overview and Level Annotations

Branches:
Dungeon (4/15)             Temple (1/1) D:4

Altars:
Ashenzari
Cheibriados
Dithmenos
Fedhas
Hepliaklqana
Kikubaaqudgha
Nemelex Xobeh
Okawaru
Qazlal
Sif Muna
Vehumet
Wu Jian


Innate Abilities, Weirdness & Mutations

Your life essence is reduced to manifest your ancestor. (-10% HP)
You are completely covered in rugged brown scales. (AC +3, +7% HP)
Armour fits poorly on your strangely shaped body.
You have a long armoured tail.
You roll when moving toward enemies. (Rampage)
Your long tongue fully drains potion bottles. (2x potion effects)
Your tongue gives you trouble enunciating. (1.5x scroll delay)


Message History

The orc priest is heavily wounded.
The orc priest completely misses you.
You hit the orc priest. You burn the orc priest.
The orc priest is almost dead.
The orc priest barely misses you.
You hit the orc priest. You burn the orc priest.
You kill the orc priest!
Something unexpectedly blocked you, preventing you from rolling!
You barely miss something.
You hear some strange, mumbled words.
A puff of flame appears from out of thin air!
The puff of flame hits you.
* * * LOW HITPOINT WARNING * * *
Something hits you but does no damage.
Something unexpectedly blocked you, preventing you from rolling!
You barely miss something. Something hits you but does no damage.
Something unexpectedly blocked you, preventing you from rolling!
You miss something. You block something's attack.
Something unexpectedly blocked you, preventing you from rolling!
You miss something.
Your tail-slap misses something.
Something hits you but does no damage.
Something unexpectedly blocked you, preventing you from rolling!
You miss something.
You hear some strange, mumbled words.
You are confused.
You hear some strange, mumbled words.
A magic dart appears from out of thin air!
The magic dart hits you.
* * * LOW HITPOINT WARNING * * *
You bump into the rock wall.
Something hits you but does no damage.
You closely miss something.
Your tail-slap misses something.
Something hits you but does no damage.
You completely miss something.
Your tail-slap misses something.
Something hits you.
* * * LOW HITPOINT WARNING * * *
You bump into the rock wall.
Something hits you.
* * * LOW HITPOINT WARNING * * *
You miss something. Something hits you but does no damage.
You are electrocuted!
You die...

...# #............####### ...#
#............#.....# ...#
............#.....#
...######'######'##......#
...'..)...........'...>..#
...######.##...#.##....###
...# #.##...#.##....# ...##
#'##...#R#........ ....#
.......#@#....$.... ....#
......##{#.......!.# ....#
.......##o#.........# ....#
.......##.#####+####### ....#
#.# #.........#
....#####+######.###.........#
.............................#
...#.####+#######............#
.#.#.# ....#............#


You could see the friendly Septima the ancestor and an orc.

Vanquished Creatures
  A bullfrog (D:4)
  An orc priest (D:3)
  An iguana (D:4)
  A gnoll (D:1)
  6 adders
  2 worms
  2 dart slugs (D:1)
  7 orcs
  7 endoplasms
  A giant cockroach (D:4)
  4 goblins
  3 hobgoblins
  4 jackals (D:2)
  10 kobolds
  7 ball pythons
  3 bats (D:2)
  3 frilled lizards
  2 rats (D:1)
65 creatures vanquished.

Notes
Turn   | Place    | Note
-------+----------+-------------------------------------------
     0 | D:1      | Haldmier the Armataur Fighter began the quest for the Orb.
     0 | D:1      | Reached XP level 1. HP: 19/19 MP: 1/1
   105 | D:1      | Found a faded altar of an unknown god.
   311 | D:1      | Reached XP level 2. HP: 16/26 MP: 2/2
   586 | D:1      | Reached XP level 3. HP: 32/32 MP: 4/4
   588 | D:1      | Learned a level 1 spell: Magic Dart
   591 | D:1      | Learned a level 2 spell: Searing Ray
  1244 | D:2      | Reached skill level 1 in Spellcasting
  1252 | D:2      | Reached XP level 4. HP: 23/40 MP: 5/5
  2221 | D:4      | Reached skill level 1 in Conjurations
  2404 | D:4      | Reached XP level 5. HP: 46/48 MP: 2/6
  2476 | D:4      | Found a staircase to the Ecumenical Temple.
  2487 | Temple   | Entered the Ecumenical Temple
  2749 | Temple   | Became a worshipper of Hepliaklqana the Forgotten
  3182 | D:3      | Reached * piety under Hepliaklqana
  3367 | D:3      | Mangled by an orc wizard

Illustrated notes

Levels and vault maps discovered:
D:1:      minmay_arrival_loop, layout_basic, basic_ecumenical_altar
D:2:      layout_loops_ring, hangedman_decor_peaks_small, st_stairs_8
D:3:      layout_basic
D:4:      layout_basic, minmay_temple_entry_glassed_door, chequers_arboretum
Temple:   hc_temple_tempest_star

Skill      XL: |  1  2  3  4  5 |
---------------+----------------+-----
Maces & Flails | 2 3 |  3.5
Armour         | 4 |  4.0
Fighting       | 3 |  3.4
Spellcasting   | 1 |  1.0
Conjurations   | 1 2 |  2.2
Shields        | 4 |  4.1

Action                   |  1- 3 |  4- 6 || total
-------------------------+-------+-------++-------
Melee: Flail             |   116 |    77 ||   193
       Tailslap          |    13 |    15 ||    28
       Hand axe          |       |    49 ||    49
 Cast: Magic Dart        |       |     8 ||     8
  Use: Scroll            |       |     2 ||     2
Armor: Scale mail        |    58 |    46 ||   104
Dodge: Dodged            |    35 |    48 ||    83
Block: Buckler           |    26 |    24 ||    50

Table legend: (Time is in decaauts)
 A = Elapsed time spent in this place.
 B = Non-inter-level travel time spent in this place.
 C = Inter-level travel time spent in this place.
 D = Time resting spent in this place.
 E = Time spent auto-exploring this place.
 F = Levels seen in this place.
 G = Mean time per level.
                   A        B        C        D        E       F      G
               +--------+--------+--------+--------+--------+-----+--------+
         Total |   3472 |   3352 |    120 |    631 |   1847 |   5 |  694.4 |
       Dungeon |   3153 |   3094 |     59 |    631 |   1613 |   4 |  788.2 |
        Temple |    318 |    257 |     61 |      0 |    234 |   1 |  318.0 |
               +--------+--------+--------+--------+--------+-----+--------+

Top non-repeatable levels by time:
     D:1: 982 daAuts
     D:2: 855 daAuts
     D:3: 738 daAuts
     D:4: 576 daAuts
  Temple: 318 daAuts
